 Dungeon Crawl Stone Soup version 0.28-a0-1389-gc726bef33b (webtiles) character file.

Game seed: 2988003273063892341

4053 browni3141 the Spear-Bearer (level 10, -1/79 HPs)
             Began as a Merfolk Gladiator on Jan 4, 2022.
             Was an Initiate of Elyvilon.
             Slain by an orc knight (21 damage)
             ... in a bailey.
             The game lasted 00:20:46 (8656 turns).

browni3141 the Spear-Bearer (Merfolk Gladiator)     Turns: 8656, Time: 00:20:47

Health: -1/79      AC:  6    Str: 16    XL:     10   Next: 24%
Magic:  10/10      EV: 19    Int:  7    God:    Elyvilon [......]
Gold:   479        SH:  5    Dex: 19    Spells: 9/9 levels left

rFire   + . .      SeeInvis .   a - +0 trident (vorpal)
rCold   . . .      Faith    .   e - +0 buckler
rNeg    + . .      Spirit   .   c - +1 robe "Qotives" {rF+ rN+ Stlth+}
rPois   .          Reflect  .   l - +0 helmet
rElec   .          Harm     .   k - scarf {repulsion}
rCorr   +          Rampage  .   B - +1 pair of gloves
Will    .....                   (no boots)
Stlth   ++++......              (no amulet)
HPRegen 0.23/turn               (no ring)
MPRegen 0.12/turn               I - ring of resist corrosion

@: repel missiles
A: (nimble swimmer 2), mertail
a: Renounce Religion


You were in a bailey.
You worshipped Elyvilon.
Elyvilon was noncommittal.
You visited 2 branches of the dungeon, and saw 9 of its levels.
You also visited: Bailey.

You collected 479 gold pieces.

Inventory:

Hand Weapons
 a - a +0 vorpal trident (weapon)
Missiles
 o - 11 javelins (quivered)
 v - a throwing net
Armour
 b - a +0 leather armour
 c - the +1 robe "Qotives" (worn) {rF+ rN+ Stlth+}
   (You found it on level 4 of the Dungeon)

   rF:        It protects you from fire.
   rN:        It protects you from negative energy.
   Stlth:     It makes you more stealthy.
 e - a +0 buckler (worn)
 g - a +0 ring mail
 k - a scarf of repulsion (worn)
 l - a +0 helmet (worn)
 n - a +0 scale mail
 s - a +0 robe of resistance
 z - a +0 tower shield
 B - a +1 pair of gloves (worn)
Jewellery
 D - a ring of flight
 I - a ring of resist corrosion (right hand)
 K - a ring of wizardry
Scrolls
 d - 2 scrolls of amnesia
 f - 2 scrolls of vulnerability
 i - a scroll of silence
 m - 6 scrolls of teleportation
 w - a scroll of holy word
 y - a scroll of blinking {unknown}
 G - a scroll of fear {unknown}
 J - a scroll of brand weapon
Potions
 p - a potion of magic {unknown}
 q - 3 potions of cancellation
 r - 2 potions of attraction
 t - 2 potions of mutation
 u - 2 potions of heal wounds
 A - a potion of degeneration {unknown}
 C - 2 potions of might {unknown}
 E - 2 potions of brilliance {unknown}
 F - 3 potions of haste {unknown}
 H - 2 potions of resistance


   Skills:
 + Level 7.0 Fighting
 * Level 12.9 Polearms
 - Level 2.0 Throwing
 * Level 10.5 Dodging
 + Level 6.0 Stealth
 + Level 3.9 Shields


You had 9 spell levels left.
You didn't know any spells.
Your spell library contained the following spells:

 Spells                   Type           Power      Damage    Failure   Level
 Foxfire                  Conj/Fire      0%         2x1d4     43%         1
 Pain                     Necr           0%         1d4       43%         1
 Corpse Rot               Necr/Air       0%         N/A       56%         2
 Conjure Flame            Conj/Fire      0%         6-21      80%         3
 Inner Flame              Hex/Fire       0%         N/A       80%         3
 Airstrike                Air            0%         N/A       99%         4
 Dispel Undead            Necr           0%         3d6       99%         4
 Flame Wave               Conj/Fire      0%         2d4       99%         4
 Summon Lightning Spire   Summ/Air       0%         N/A       99%         4
 Agony                    Necr           0%         N/A       100%        5
 Excruciating Wounds      Necr           0%         N/A       100%        5
 Lightning Bolt           Conj/Air       0%         1d11      100%        5
 Death Channel            Necr           0%         N/A       100%        6


Dungeon Overview and Level Annotations

Branches:
Dungeon (8/15)             Temple (1/1) D:7          Bailey (1/1)
   Lair: D:8-11

Altars:
Ashenzari
Dithmenos
Elyvilon
Fedhas
Gozag
Kikubaaqudgha
Makhleb
Nemelex Xobeh
Okawaru
Qazlal
Ru
Sif Muna
Uskayaw
Vehumet
Wu Jian
Xom
Yredelemnul
Zin
The Shining One

Shops:
D:7 *


Innate Abilities, Weirdness & Mutations

((You are very nimble when in or above water. (Stealth+, EV+, Speed+++)))
Your lower body shifts to a powerful aquatic tail in water.


Message History

Aiming: Iceblast
Press: ? - help, Shift-Dir - straight line, f/p - orc knight
Aim: an orc knight, wielding a +0 glaive and wearing a +0 chain mail (almost dead, strong)
The mass of ice explodes!
The iceblast engulfs the orc knight!
You kill the orc knight!
The now-empty wand crumbles to dust.
Your Fighting skill increases to level 7!
Your Stealth skill increases to level 6!
Unknown command.
You aren't carrying any items that you can evoke.
Press: ? - help, v - describe, . - travel The floor, spattered with blood.
Unknown command.
You see here a +0 hand axe.
Items here: ))))))) [[[[[ ÷.
You see here a +0 halberd.
The orc knight no longer looks unusually strong.
You see here a +0 hand axe.
You are too injured to fight recklessly!
Throw: 3 darts (poison)
Press: ? - help, Q - select action, (/) - cycle Shift-Dir - straight line, f - orc knight
Aim: an orc knight, wielding a +0 glaive and wearing a +0 plate armour (severely wounded, 65% to hit)
You throw a poisoned dart. The poisoned dart hits the orc knight.
The orc knight is poisoned.
The orc knight is severely wounded.
You block the orc knight's attack.
Throw: 2 darts (poison)
Press: ? - help, Q - select action, (/) - cycle Shift-Dir - straight line, f/p - orc knight
Aim: an orc knight, wielding a +0 glaive and wearing a +0 plate armour (severely wounded, poisoned, 65% to hit)
You throw a poisoned dart.
The poisoned dart barely misses the orc knight.
You block the orc knight's attack.
Throw: dart (poison)
Press: ? - help, Q - select action, (/) - cycle Shift-Dir - straight line, f/p - orc knight
Aim: an orc knight, wielding a +0 glaive and wearing a +0 plate armour (severely wounded, poisoned, 65% to hit)
You throw a poisoned dart. The poisoned dart hits the orc knight.
The orc knight looks even sicker.
The orc knight is severely wounded.
The orc knight hits you from afar with a +0 glaive!!
You die...

#######
##..∩..##
#.(.....#
#∩.....∩#
#....)..#
#..()o..#
#.)#.#..#
#)##8##@#
#).#.#..#
#.......#
#.......#
#.......#
##..)..##
###)###
#.))#
#..)#


You could see an orc knight (very poisoned).

Vanquished Creatures
  2 orc knights (Bailey)
  An unseen horror (D:7)
  Sigmund (D:3)
  A steam dragon (D:6)
  2 water moccasins (D:4)
  7 orc warriors
  An ogre (D:3)
  2 phantoms
  A centaur (D:7)
  A bullfrog (D:8)
  A wyvern zombie (D:7)
  A scorpion (D:5)
  A water moccasin zombie (D:6)
  4 killer bees (D:8)
  5 wights (D:6)
  A howler monkey (D:4)
  3 hounds
  An orc priest (D:6)
  3 jellies
  A bullfrog zombie (D:5)
  2 centaur zombies (D:5)
  A bullfrog skeleton (D:6)
  2 iguanas (D:5)
  5 orc wizards
  2 hound skeletons (D:5)
  4 adders
  A gnoll (D:1)
  An ufetubus (D:6)
  4 worms
  A dart slug (D:4)
  30 orcs
  8 ball pythons
  2 endoplasms
  4 giant cockroaches
  9 goblins
  9 hobgoblins
  4 jackals (D:2)
  2 kobolds (D:3)
  2 quokkas
  12 bats
  3 frilled lizards
  A rat (D:2)
149 creatures vanquished.

Vanquished Creatures (others)
  An orc knight (Bailey)
  An orc warrior (Bailey)
  A bush (D:7)
  2 plants (D:7)
5 creatures vanquished.

Grand Total: 154 creatures vanquished

Notes
Turn   | Place    | Note
-------+----------+-------------------------------------------
     0 | D:1      | browni3141 the Merfolk Gladiator began the quest for the
                  | Orb.
     0 | D:1      | Reached XP level 1. HP: 16/16 MP: 1/1
   225 | D:1      | Reached XP level 2. HP: 23/23 MP: 2/2
   417 | D:1      | Reached skill level 5 in Polearms
  1259 | D:2      | Reached XP level 3. HP: 20/28 MP: 3/3
  1434 | D:2      | Reached XP level 4. HP: 34/35 MP: 4/4
  1526 | D:2      | Reached skill level 6 in Polearms
  2442 | D:3      | Noticed an ogre
  2452 | D:3      | Killed an ogre
  2453 | D:3      | Reached skill level 5 in Dodging
  2453 | D:3      | Reached XP level 5. HP: 41/41 MP: 5/5
  2461 | D:3      | Reached skill level 7 in Polearms
  2463 | D:3      | Noticed Sigmund
  2477 | D:3      | Killed Sigmund
  2478 | D:3      | Reached XP level 6. HP: 21/48 MP: 6/6
  2696 | D:3      | Found a faded altar of an unknown god.
  2852 | D:3      | Reached skill level 8 in Polearms
  2876 | D:3      | Found an opulent altar of Gozag.
  3706 | D:4      | Noticed a water moccasin
  3739 | D:4      | Reached XP level 7. HP: 52/55 MP: 7/7
  3821 | D:4      | Reached skill level 1 in Stealth
  4118 | D:4      | Identified the +1 robe "Qotives" {rF+ rN+ Stlth+}
  4373 | D:5      | Entered Level 5 of the Dungeon
  4401 | D:4      | Reached skill level 9 in Polearms
  4676 | D:5      | Reached skill level 5 in Fighting
  4770 | D:5      | Reached XP level 8. HP: 62/62 MP: 8/8
  5135 | D:5      | Reached skill level 10 in Polearms
  5482 | D:6      | Reached skill level 1 in Shields
  6290 | D:6      | Found a sparkling altar of Nemelex Xobeh.
  6417 | D:7      | Reached XP level 9. HP: 48/69 MP: 9/9
  6429 | D:7      | Reached skill level 11 in Polearms
  6719 | D:7      | Found a shadowy altar of Dithmenos.
  6829 | D:7      | Killed an unseen horror
  7236 | D:7      | Found a staircase to the Ecumenical Temple.
  7339 | D:7      | Found Cusez's General Store.
  7493 | Temple   | Entered the Ecumenical Temple
  7699 | Temple   | Became a worshipper of Elyvilon the Healer
  8019 | D:8      | Reached skill level 5 in Stealth
  8020 | D:8      | Found a flagged portal.
  8029 | Bailey   | Entered a bailey
  8067 | Bailey   | Reached skill level 12 in Polearms
  8589 | Bailey   | Noticed an orc knight
  8589 | Bailey   | Noticed an orc knight
  8589 | Bailey   | Noticed an orc knight
  8590 | Bailey   | Noticed an orc knight
  8630 | Bailey   | Killed an orc knight
  8631 | Bailey   | Reached skill level 10 in Dodging
  8631 | Bailey   | Reached XP level 10. HP: 38/77 MP: 10/10
  8637 | Bailey   | Killed an orc knight
  8656 | Bailey   | Slain by an orc knight

Illustrated notes

Levels and vault maps discovered:
D:1:      minmay_arrival_five_plusses, layout_loops_ring,
          minmay_misc_feat_four_crosses, nicolae_figureground_sparkle
D:2:      layout_loops_corners
D:3:      layout_loops_corners, nicolae_gozag_seed_capital,
          hellmonk_ecumenical_altar_blasted, corexii_leaking_fountain,
          uniq_sigmund
D:4:      layout_rooms
D:5:      layout_rooms
D:6:      layout_cave_pools, old_standard_altar, dk_noncrumbling_2,
          hangedman_abyss_or_decor_stabs
D:7:      layout_rooms, mainiacjoe_overflow_boulevard, temple_hall,
          serial_shops, nicolae_take_the_stairs, kb_lookout_dungeons_type
D:8:      layout_rooms, enter_bailey_3, uniq_psyche
Temple:   eino_temple_scatter_basement
Bailey:   bailey_polearm_5, bailey

Skill      XL: |  1  2  3  4  5  6  7  8  9 10 |
---------------+-------------------------------+-----
Polearms       | 5 6 7 8 9 10 12 | 12.9
Fighting       | 3 4 5 6 7 |  7.0
Dodging        | 5 6 8 10 | 10.5
Stealth        | 2 4 5 6 |  6.0
Shields        | 1 3 |  3.9
Throwing       | |  2.0

Action                   |  1- 3 |  4- 6 |  7- 9 | 10-12 || total
-------------------------+-------+-------+-------+-------++-------
Melee: Trident           |    94 |   162 |   365 |       ||   621
Throw: Throwing net      |     3 |       |       |       ||     3
       Dart              |       |     6 |    28 |     3 ||    37
       Javelin           |       |       |     3 |       ||     3
Evoke: Wand              |       |       |    20 |     7 ||    27
  Use: Scroll            |       |       |    12 |       ||    12
 Stab: Sleeping          |     2 |       |    13 |       ||    15
       Distracted        |       |       |     3 |       ||     3
Armor: Leather armour    |     8 |       |       |       ||     8
       Ring mail         |    12 |    10 |       |       ||    22
       Scale mail        |       |    19 |       |       ||    19
       Robe              |       |     2 |    58 |       ||    60
Dodge: Dodged            |    57 |    87 |   264 |     3 ||   411
       Repelled          |       |       |     2 |       ||     2
Block: Buckler           |       |       |    40 |     3 ||    43

Table legend: (Time is in decaauts)
 A = Elapsed time spent in this place.
 B = Non-inter-level travel time spent in this place.
 C = Inter-level travel time spent in this place.
 D = Time resting spent in this place.
 E = Time spent auto-exploring this place.
 F = Levels seen in this place.
 G = Mean time per level.
                   A        B        C        D        E       F      G
               +--------+--------+--------+--------+--------+-----+--------+
         Total |   8574 |   8104 |    470 |    572 |   5592 |  10 |  857.4 |
       Dungeon |   7746 |   7304 |    442 |    393 |   5230 |   8 |  968.2 |
        Temple |    224 |    196 |     28 |      0 |    165 |   1 |  224.0 |
        Bailey |    602 |    602 |      0 |    178 |    197 |   1 |  602.0 |
               +--------+--------+--------+--------+--------+-----+--------+

Top non-repeatable levels by time:
     D:2: 1380 daAuts
     D:3: 1270 daAuts
     D:6: 1236 daAuts
     D:7: 1106 daAuts
     D:1: 1058 daAuts
     D:4: 849 daAuts
  Bailey: 602 daAuts
     D:5: 573 daAuts
     D:8: 272 daAuts
  Temple: 224 daAuts
